 Dungeon Crawl Stone Soup version 0.17.1-3-g152610e (webtiles) character file.

305 juanjsm the Sneak (level 6, 0/28 HPs)
             Began as a Spriggan Enchanter on Apr 20, 2016.
             Succumbed to a worker ant's poison
             ... on level 4 of the Dungeon.
             The game lasted 00:08:49 (1766 turns).

juanjsm the Sneak (Spriggan Enchanter)              Turns: 1766, Time: 00:08:49

Health: 0/28       AC:  2    Str:  4    XL:     6   Next: 16%
Magic:  0/13       EV: 20    Int: 24    God:
Gold:   196        SH:  0    Dex: 16    Spells: 5 memorised, 1 level left

rFire  . . .     SeeInvis +     n - +2 dagger (flame)
rCold  . . .     Clarity  .     h - +0 robe (curse)
rNeg   + . .     SustAt   .     (shield restricted)
rPois  +         Gourm    .     (helmet restricted)
rElec  .         Spirit   .     (no cloak)
rCorr  .         Warding  +     (gloves unavailable)
rMut   .         Stasis   .     (boots unavailable)
MR     +....                    u - amulet of warding
Stlth  ++++......               g - +1 ring of evasion
                                v - ring of poison resistance

@: brilliant, lethally poisoned (0 -> -14), very slightly contaminated, very
quick, somewhat resistant to hostile enchantments, stealthy
A: unfitting armour, see invisible, herbivore 3, speed 3, slow metabolism 2
a: no special abilities


You were on level 4 of the Dungeon.
You were hungry.

You visited 1 branch of the dungeon, and saw 5 of its levels.

You collected 196 gold pieces.

Inventory:

Hand Weapons
 a - a +1 dagger
 n - a +2 dagger of flaming (weapon)
 y - the cursed +1 trident "Hydra's Funeral" {pierce, MP+9, unknown}
   (You found it on level 4 of the Dungeon)

   It inflicts extra damage upon your enemies.
   It affects your magic capacity (+9).
   It has a curse placed upon it.
Armour
 b - a +1 robe
 h - a cursed +0 robe (worn)
 s - a cursed +0 robe
Jewellery
 g - a +1 ring of evasion (right hand)
 u - an amulet of warding (around neck)
 v - a ring of poison resistance (left hand)
Wands
 t - a wand of teleportation (5)
Scrolls
 k - 4 scrolls of identify {unknown}
 o - 3 scrolls of remove curse {unknown}
 q - 2 scrolls of teleportation {unknown}
 r - 2 scrolls of fog {unknown}
Potions
 e - a potion of brilliance
 i - a potion of might {unknown}
 j - a potion of cancellation {unknown}
 l - a potion of flight {unknown}
 m - a potion of degeneration {unknown}
 p - a potion of agility {unknown}
 w - a potion of magic {unknown}
 x - 2 potions of curing {unknown}
Books
 c - a book of Maledictions

   Spells                             Type                      Level
   a - Corona                         Hexes                        1
   b - Ensorcelled Hibernation        Hexes/Ice                    2
   c - Confuse                        Hexes                        3
   d - Tukima's Dance                 Hexes                        3
   e - Dazzling Spray                 Conjuration/Hexes            3
Comestibles
 d - 4 bread rations
 f - a royal jelly


   Skills:
 + Level 1.9 Short Blades
 + Level 3.7 Dodging
 + Level 7.3 Stealth
 + Level 4.3 Spellcasting
 + Level 4.7 Hexes
 + Level 1.6 Ice Magic


You had one spell level left.
You knew the following spells:

 Your Spells              Type           Power        Failure   Level  Hunger
a - Corona                Hex            #####..      1%          1    None
b - Ensorcelled Hibernat  Hex/Ice        ####..       1%          2    None
c - Confuse               Hex            #####...     1%          3    ##.....
d - Dazzling Spray        Conj/Hex       ####....     1%          3    ##.....
e - Tukima's Dance        Hex            #####...     1%          3    ##.....


Dungeon Overview and Level Annotations

Branches:
Dungeon (5/15)             Temple (0/1) D:4

Altars:

Annotations:
D:3 Natasha


Innate Abilities, Weirdness & Mutations

You are tiny and cannot use many weapons and most armour.
You have supernaturally acute eyesight.
You are a herbivore.
You cover ground extremely quickly.
You need consume almost no food.


Message History

The worker ant bites you!
* * * LOW HITPOINT WARNING * * *
You are lethally poisoned!
The worker ant poisons you! The worker ant bites you.
* * * LOW HITPOINT WARNING * * *
Casting: Corona
Confirm with . or Enter, or press ? or * to list all spells.
Aiming: Corona
Press: ? - help, Shift-Dir - straight line, f/p - worker ant
Aim: a worker ant (almost dead, chance to defeat MR: 70%)
The worker ant is outlined in light.
* * * LOW HITPOINT WARNING * * *
You feel sick. The worker ant bites you.
* * * LOW HITPOINT WARNING * * *
You are more poisoned.
The worker ant poisons you!
Drink which item? (? for menu, Esc to quit)
It was a potion of brilliance.
You feel clever all of a sudden.
You die...

##.#.##.....).#.######
#.#.##.##.#)..g....g.#
#.#.##.##.#)##.......g
#.)...#..###..
###)#.#..# #)#.#).#
#.#.#..# #####.#....#
#..a@......#
#....####### #.$...
#...... #.......
####..).. #.=...#
#.....#


You could see a worker ant.

Vanquished Creatures
  An ogre (D:4)
  An orc wizard (D:4)
  2 orc priests (D:4)
  A worker ant (D:4)
  Robin (D:2)
  2 gnolls
  An adder (D:2)
  2 worms
  A giant gecko (D:2)
  4 orcs
  3 bats
  18 goblins
  6 hobgoblins
  6 jackals
  2 quokkas (D:2)
  3 giant cockroaches
  A giant newt (D:3)
  5 kobolds
  A rat (D:2)
  A butterfly (D:4)
62 creatures vanquished.

Notes
Turn   | Place    | Note
--------------------------------------------------------------
     0 | D:1      | juanjsm the Spriggan Enchanter began the quest for the Orb.
     0 | D:1      | Reached XP level 1. HP: 9/9 MP: 5/5
    84 | D:1      | Reached XP level 2. HP: 13/13 MP: 6/6
    88 | D:1      | Learned a level 2 spell: Ensorcelled Hibernation
   175 | D:1      | Reached skill level 5 in Stealth
   442 | D:2      | Noticed Robin
   646 | D:2      | Reached XP level 3. HP: 13/16 MP: 5/8
   830 | D:2      | Killed Robin
  1159 | D:3      | Noticed Natasha
  1208 | D:2      | Reached XP level 4. HP: 19/21 MP: 2/10
  1213 | D:2      | Learned a level 3 spell: Confuse
  1217 | D:2      | Learned a level 3 spell: Dazzling Spray
  1344 | D:2      | Reached skill level 1 in Ice Magic
  1641 | D:4      | Got a pitted trident
  1652 | D:5      | Entered Level 5 of the Dungeon
  1669 | D:4      | Found a staircase to the Ecumenical Temple.
  1669 | D:4      | Noticed an ogre
  1676 | D:4      | Killed an ogre
  1676 | D:4      | Reached skill level 6 in Stealth
  1676 | D:4      | Reached XP level 5. HP: 24/24 MP: 1/12
  1681 | D:4      | Learned a level 3 spell: Tukima's Dance
  1733 | D:4      | Reached skill level 7 in Stealth
  1733 | D:4      | Reached XP level 6. HP: 28/28 MP: 6/13
  1765 | D:4      | HP: 1/28 [worker ant (3)]
  1766 | D:4      | Succumbed to a worker ant's poison

Action                   |  1- 3 |  4- 6 || total
-------------------------+-------+-------++-------
Melee: Dagger            |    84 |    47 ||   131
 Cast: Corona            |     4 |     1 ||     5
       Ensorcelled Hiber |    30 |    12 ||    42
       Dazzling Spray    |       |     2 ||     2
  Use: Potion            |       |     1 ||     1
 Stab: Sleeping          |    25 |    15 ||    40
       Invisible         |       |     1 ||     1
